Unix NetHack Version 5.0.0-0 post-release - last build Jun 10 2026 00:39:30 (3ee93aec679c4c4259841fe613dc97188e26a321,branch:main).

Game began 2026-06-22 13:42:56, ended 2026-06-24 16:06:49.

Anarchos, lawful female dwarven Valkyrie

                          --------------------------
                          |................[..)...>|
                          |.----------------.....).|
                          |.|         ------.-------
                          |.|         |...........|
                          |.|         |.....[.....|
                          |.|         |----.--------
                          |.|         |............|
                          |.|         |............|
                          |.|------   --------.-----
                          |.|$$$$$|--  |.........`|
                          |.|.$$$$-?|  |..........|
                          |@|.$$..|-|  --......`..|
                          |.f&$...+.|   ----.-------
                          --|ZY:$$|-|     |........|
                            |$q$g@+.|     |........|
                            |$YC.N|--     ------...|
                            -------            -----
Anarchos the Woman-at-arms  St:17 Dx:13 Co:20 In:8 Wi:11 Ch:9  Lawful
Dlvl:4  $:70 HP:0(120) Pw:22(22) AC:-5 Xp:10 T:11361 

Latest messages:
 The Grey-elf wields a very rotted elven bow!
 The mountain centaur picks up 160 gold pieces.
 You hit the chickatrice!
 The red naga breathes fire!
 The blast of fire hits the incubus.
 The blast of fire misses the mumak.
 The blast of fire whizzes by you!
 The blast of fire bounces!
 The Grey-elf's leather hat smoulders!
 The blast of fire hits the Grey-elf!
 The ogre lady picks up 295 gold pieces.
 The mountain centaur wields a crossbow!
 The mumak butts!
 The mumak bites!
 The Grey-elf wields an elven short sword!
 The mountain centaur picks up 61 gold pieces.
 You swap places with the peaceful black naga.
 The ogre lady picks up 122 gold pieces.
 The mountain centaur picks up a food ration.
 The gnome zombie misses!
 The mountain centaur picks up 84 gold pieces.
 The ogre lady picks up 27 gold pieces.
 The mountain centaur picks up 144 gold pieces.
 You hit the panther!
 The panther hits!
 The panther hits again!
 The panther bites!
 You hit the panther!
 The panther misses!
 The panther hits!
 The panther bites!
 You hit the panther!
 The wraith opens a door.
 The panther hits!
 The panther hits again!
 The panther bites!
 The ogre lady picks up 48 gold pieces.
 The panther just misses!
 The panther hits!
 The panther misses!
 The mountain centaur shoots a crossbow bolt!
 The crossbow bolt hits the leocrotta.
 Are you sure you want to pray? [yn] (n) y
 You begin praying to Tyr.
 The panther hits!
 The panther misses!
 The panther bites!
 You die...
 Do you want your possessions identified? [ynq] (y) y
 Do you want to see your attributes? [ynq] (y) q

Inventory:
 Coins    ('$')
  $ - 70 gold pieces
 Weapons  (')')
  b - a +1 dagger
  a - a corroded +2 dwarvish spear (weapon in right hand)
  D - a cursed -2 elven broadsword
 Armor    ('[')
  Y - an uncursed +0 dwarvish iron helm (being worn)
  V - an uncursed +0 pair of leather gloves (being worn)
  M - an uncursed +0 pair of elven boots
  Z - an uncursed +0 pair of iron shoes (being worn)
  c - an uncursed +4 small shield (being worn)
  d - an uncursed +0 dwarvish cloak (being worn)
  K - an uncursed +0 elven cloak
  g - an uncursed +2 ring mail (being worn)
 Comestibles  ('%')
  j - 2 uncursed slime molds
  I - an uncursed carrot
  B - 9 uncursed food rations
  T - 4 uncursed tripe rations
  z - an uncursed egg
  k - 2 uncursed lizard corpses
  w - an uncursed lizard corpse
 Rings    ('=')
  P - a cursed -1 ring of gain constitution
  N - a cursed ring of polymorph
  p - an uncursed ring of polymorph control
  m - an uncursed ring of protection from shape changers
  h - an uncursed ring of shock resistance
  i - an uncursed ring of stealth
 Wands    ('/')
  C - a wand of cold (0:6)
  s - a wand of digging (0:6)
  O - a wand of sleep (0:7)
  o - a wand of slow monster (0:7)
  F - a wand of speed monster (0:6)
  v - a wand of speed monster (0:3)
  E - a wand of striking (0:3)
  x - a wand of teleportation (0:7)
 Tools    ('(')
  Q - an uncursed lock pick
  H - an uncursed magic lamp (lit)
  L - an uncursed magic whistle
  J - an uncursed mirror
 Gems/Stones  ('*')
  X - an uncursed diamond

Anarchos the Valkyrie's attributes:

Background:
 You were a Woman-at-arms, a level 10 dwarven Valkyrie.
 You were lawful, on a mission for Tyr
 who was opposed by Odin (neutral) and Loki (chaotic).
 You were right-handed.
 You were in Sokoban, on level 4.
 You entered the dungeon 11361 turns ago.
 You had 5874 experience points, 4126 more were needed to attain level 11.

Basics:
 You had 0 out of 120 hit points.
 You had all 22 energy points (spell power).
 Your armor class was -5.
 Your wallet contained 70 zorkmids.
 Autopickup was on for all types.

Final Characteristics:
 Your strength was 17 (limit:18/100).
 Your dexterity was 13 (peak:14, limit:20).
 Your constitution was 20 (limit:20).
 Your intelligence was 8 (limit:16).
 Your wisdom was 11 (limit:16).
 Your charisma was 9 (limit:16).

Final Status:
 You weren't hungry.
 You were unencumbered.
 You were wielding a spear.
 You had expert skill with spear.

Final Attributes:
 You were piously aligned.
 Your items were somewhat protected from fire.
 You were cold resistant.
 Your items were somewhat protected from cold.
 You were poison resistant.
 You had infravision.
 You were stealthy.
 You were warded.
 Your spell casting was impaired by metallic armor.
 You were fast.
 You were very unlucky.
 You are dead.

Miscellaneous:
 You encountered 1 bones level.
 Total elapsed playing time was 9 hours, 31 minutes and 28 seconds.

Major events:
 Turn
    1: Anarchos the lawful dwarven Valkyrie entered the dungeon
  517: read a Discworld novel
  517: attained the rank of Skirmisher (level 3)
 2433: entered the Gnomish Mines
 3543: attained the rank of Fighter (level 6)
 3900: reached Mine Town
 7236: entered Sokoban
 7689: completed 1st Sokoban level
 8661: completed 2nd Sokoban level
 8957: completed 3rd Sokoban level
 9852: attained the rank of Woman-at-arms (level 10)
10505: completed 4th Sokoban level
11361: killed by a panther, while praying

Spells:
 Name                 Level Category     Fail Retention
 magic missile          2   attack       100%   51%-75%

Skills:
 Fighting Skills
   bare handed combat [Unskilled]
   two weapon combat  [Unskilled]
   riding             [Unskilled]
 Weapon Skills
   dagger             [Basic]
   axe                [Unskilled]
   pick-axe           [Unskilled]
   short sword        [Unskilled]
   broadsword         [Unskilled]
   long sword         [Unskilled]
   two-handed sword   [Unskilled]
   saber              [Unskilled]
   hammer             [Unskilled]
   quarterstaff       [Unskilled]
   polearms           [Unskilled]
   spear              [Expert]
   trident            [Unskilled]
   lance              [Unskilled]
   sling              [Unskilled]
 Spellcasting Skills
   attack spells      [Unskilled]
   escape spells      [Unskilled]

Voluntary challenges:
 Character rerolling was not enabled.
 You never genocided any monsters.
 You never polymorphed an object.
 You used no wishes.
 You violated the special Sokoban rules 17 times.
Achievements:
 You entered a shop.
 You read from a Discworld novel.
 You attained the rank of Skirmisher.
 You entered the Gnomish Mines.
 You attained the rank of Fighter.
 You entered Minetown.
 You entered a temple.
 You entered Sokoban.
 You attained the rank of Woman-at-arms.

 The Dungeons of Doom: levels 1 to 8
    Level 1:
       An altar to Tyr.
    Level 2:
       A scroll shop.
    Level 3:
       Stairs down to The Gnomish Mines.
    Level 4:
    Level 5:
       A tool shop.
    Level 6:
    Level 7:
       Oracle of Delphi.
    Level 8:
       Some fountains.
       Stairs up to Sokoban, level 7.
 The Gnomish Mines: levels 4 to 7
    Level 4:
       A grave.
       Final resting place for
          pots164-Kni-Hum-Mal-Law, slipped while mounting a saddled pony.
    Level 5:
    Level 6:
    Level 7:
       Some shops, a temple and an altar, some fountains.
 Sokoban: levels 7 up to 4
    Level 4: <- You were here.
       Solved.
       Final resting place for
          you, killed by a panther, while praying.
    Level 5:
       Solved.
    Level 6:
       Solved.
    Level 7:
       Solved.


Vanquished creatures:
  a ghost
  2 giant mimics
  a fire elemental
  a giant mummy
  a small mimic
  a warhorse
 an ochre jelly
  a leocrotta
 an elf mummy
  3 watchmen
  a cockatrice
  3 wolves
  4 winter wolf cubs
  a gremlin
  2 leprechauns
  a mumak
  a horse
  a black light
  a forest centaur
 an orc mummy
  a dwarf mummy
  2 owlbears
  a yeti
  a werewolf
  3 lizards
  a dog
  a jaguar
  a dwarf leader
  2 blue jellies
  a gray unicorn
  2 plains centaurs
  4 apes
  a human zombie
  a rope golem
  4 Woodland-elves
  a soldier ant
  2 imps
  a wood nymph
  2 water nymphs
  a mountain nymph
 19 Uruk-hai
  2 rock piercers
  2 rock moles
  3 yellow lights
  a violet fungus
  2 gnome leaders
  2 gnomish wizards
  7 elf zombies
  a ghoul
  a paper golem
  a floating eye
  2 dwarves
  8 hill orcs
  7 rothes
  3 centipedes
  2 giant bats
  5 monkeys
  6 iguanas
  6 killer bees
  a gas spore
  a hobbit
  a large kobold
  a hobgoblin
  4 giant rats
  a cave spider
  a brown mold
  a red mold
 21 gnomes
  9 garter snakes
  2 gnome zombies
  5 geckos
  4 jackals
  a fox
  4 kobolds
  3 goblins
  4 sewer rats
  2 grid bugs
  4 lichens
  a kobold zombie
  4 newts
217 creatures vanquished.

No species were genocided or became extinct.

Game over:
                       ----------
                      /          \
                     /    REST    \
                    /      IN      \
                   /     PEACE      \
                  /                  \
                  |     Anarchos     |
                  |      70 Au       |
                  |   killed by a    |
                  |     panther      |
                  |                  |
                  |                  |
                  |       2026       |
                 *|     *  *  *      | *
        _________)/\\_//(\/(/\)/\//\/|_)_______

Farvel Anarchos the Valkyrie...

You died in Sokoban on dungeon level 4 with 13835 points,
and 70 pieces of gold, after 11361 moves.
You were level 10 with a maximum of 120 hit points when you died.

